 Dungeon Crawl Stone Soup version 0.29.0-4-gdea44cf6ec (webtiles) character file.

Game seed: 8153502936729734002

64 qw the Chopper (level 4, -8/26 HPs)
             Began as a Tengu Warper on Aug 28, 2022.
             Mangled by a yak (15 damage)
             ... on level 5 of the Dungeon.
             The game lasted 00:00:13 (2258 turns).

qw the Chopper (Tengu Warper)                       Turns: 2258, Time: 00:00:14

Health: -8/26      AC:  6    Str: 13    XL:     4   Next: 12%
Magic:  8/8        EV:  5    Int: 14    God:
Gold:   35         SH: 10    Dex: 13    Spells: 7/7 levels left

rFire   . . .      SeeInvis .   Y - +0 hand axe
rCold   . . .      Faith    .   f - +0 tower shield
rNeg    . . .      Spirit   .   d - +0 scale mail
rPois   .          Reflect  .   (helmet restricted)
rElec   .          Harm     .   (no cloak)
rCorr   .          Rampage  .   (no gloves)
Will    .....                   (boots unavailable)
Stlth   ..........              (no amulet)
HPRegen 0.08/turn               (no ring)
MPRegen 0.11/turn               (no ring)

@: no status effects
A: beak, talons 3
a: no special abilities


You were on level 5 of the Dungeon.
You visited 1 branch of the dungeon, and saw 4 of its levels.

You collected 68 gold pieces.
You spent 33 gold pieces at shops.


Innate Abilities, Weirdness & Mutations

You have a beak for a mouth.
You have claws for feet.


   Skills:
 - Level 2.0 Fighting
 - Level 4.7 Axes
 - Level 1.0 Throwing
 - Level 1.1 Armour
 - Level 2.1 Dodging
 + Level 0.1 Shields
 - Level 2.0 Spellcasting
 - Level 2.4 Translocations


You had 7 spell levels left.
You didn't know any spells.
Your spell library contained the following spells:

 Spells                   Type           Power      Damage    Failure   Level
 Blink                    Tloc           16%        N/A       100%        2
 Gell's Gravitas          Tloc           8%         N/A       100%        3
 Lesser Beckoning         Tloc           8%         N/A       100%        3
 Teleport Other           Tloc           8%         N/A       100%        3
 Manifold Assault         Tloc           8%         N/A       100%        5

Inventory:

Hand Weapons
 i - a +0 flail
 Y - a +0 hand axe (weapon)
Armour
 d - a +0 scale mail (worn)
 f - a +0 tower shield (worn)
Potions
 b - 2 potions of curing
 c - a potion of might {unknown}
 e - a potion of mutation {unknown}
 g - a potion of attraction {unknown}
 h - a potion of lignification {unknown}

Dungeon Overview and Level Annotations

Branches:
Dungeon (5/15)
 Temple: D:4-7

Altars:

Shops:
D:2 !


Message History

Found 3 stones.
You see here 3 stones.
You open the door.
A sourceless malevolence fills the Dungeon...
You fall into a shaft and drop 2 floors!
The shaft crumbles and collapses.
As you open the door, it creaks loudly!
There is an open door here.
Found a stone staircase leading down.
Existing waypoints: (1) D:2 (2) D:3 Assign waypoint to what number? (0-9, D - delete waypoint) Waypoint 1 re-assigned from D:2 to D:5.
Enter note:
Enter note:
There is a stone staircase leading down here.
There is a stone staircase leading down here. 2 yaks come into view.
The yak bellows! x2; You hear a bellow! x2
A yak comes into view.
You hear a bellow!
A yak comes into view.
A yak comes into view.
You hit the yak but do no damage. You claw the yak, but do no damage.
You hit the yak. You claw the yak.
The yak is lightly wounded.
You hit the yak. The yak gores you but does no damage.
You block the yak's attack. x2
The yak barely misses you.
A yak comes into view.
You hit the yak.
The yak is moderately wounded.
You hit the yak but do no damage. You block the yak's attack. x2
You hit the yak but do no damage. You claw the yak. Your peck misses the yak.
The yak is moderately wounded.
You closely miss the yak. The yak barely misses you. The yak gores you! x3
Ouch! That really hurt!
You die...

##.........##.#
'............>####
############.....#
# #..##.# #
#..##.# # #..##.#
# #..##.# #
...##.# # .#.###@#
...#


#YYYYY... ######Y## You could see 6 yaks.

Vanquished Creatures
  2 worms (D:2)
  2 dart slugs (D:2)
  7 bats
  5 endoplasms
  2 giant cockroaches
  3 goblins
  9 hobgoblins
  A quokka (D:1)
  7 ball pythons
  3 frilled lizards
  5 kobolds
  3 rats (D:1)
49 creatures vanquished.

Notes
Turn   | Place    | Note
-------+----------+-------------------------------------------
     0 | D:1      | qw the Tengu Warper began the quest for the Orb.
     0 | D:1      | Reached XP level 1. HP: 12/12 MP: 4/4
     0 | D:1      | 0 ||| qw: Version: 0.1-a-89-g26bdef1
     0 | D:1      | 0 ||| qw: Game counter: 1383
     0 | D:1      | 0 ||| qw: Always use a shield: true
     0 | D:1      | 0 ||| qw: God list: Okawaru
     0 | D:1      | 0 ||| qw: Allow faded altars: false
     0 | D:1      | 0 ||| qw: Do Orc after D:15 true
     0 | D:1      | 0 ||| qw: Do second Lair branch before Depths: true
     0 | D:1      | 0 ||| qw: Lair rune preference: random
     0 | D:1      | 0 ||| qw: Plans: Normal
     0 | D:1      | 0 ||| PLANNING D:1-11
   190 | D:1      | Reached XP level 2. HP: 17/17 MP: 6/6
   202 | D:1      | Reached skill level 3 in Axes
   915 | D:1      | Reached XP level 3. HP: 21/21 MP: 7/7
  1157 | D:1      | Reached skill level 4 in Axes
  1190 | D:1      | 1190 ||| Stepping ~*~*~tactically~*~*~ (stealth).
  1274 | D:1      | Found a faded altar of an unknown god.
  1275 | D:1      | 1275 ||| UPGRADING to +0 scale mail.
  1285 | D:1      | 1285 ||| DROPPING +0 leather armour.
  1286 | D:1      | 1286 ||| READING scroll labelled NUSAYQ PUSAD.
  1287 | D:1      | 1287 ||| DROPPING scroll of blinking.
  1313 | D:2      | 1313 ||| Stepping ~*~*~tactically~*~*~ (hiding).
  1339 | D:2      | 1339 ||| DROPPING +0 club.
  1438 | D:2      | Found Odeteni's Distillery.
  1447 | D:2      | 1447 ||| BUYING potion of curing (33 gold).
  1447 | D:2      | Bought a potion of curing for 33 gold pieces
  1447 | D:2      | 1447 ||| SHOPLISTING potion of curing (33 gold, have 17).
  1447 | D:2      | 1447 ||| SHOPLISTING potion of might (44 gold, have 17).
  1447 | D:2      | 1447 ||| SHOPLISTING potion of mutation (88 gold, have 17).
  1722 | D:2      | 1722 ||| Stepping ~*~*~tactically~*~*~ (stealth).
  1817 | D:2      | Reached XP level 4. HP: 26/26 MP: 8/8
  1837 | D:2      | Found the +8 trident of the Octopus King {venom, rElec
                  | rPois}
  2083 | D:2      | 2083 ||| UPGRADING to +0 tower shield.
  2088 | D:2      | 2088 ||| DROPPING ring of flight.
  2204 | D:3      | 2204 ||| DROPPING +0 whip.
  2219 | D:3      | You fall into a shaft and drop 2 floors!
  2219 | D:5      | Entered Level 5 of the Dungeon
  2251 | D:5      | Noticed a yak
  2251 | D:5      | Noticed a yak
  2251 | D:5      | Noticed a yak
  2253 | D:5      | Noticed a yak
  2254 | D:5      | Noticed a yak
  2256 | D:5      | Noticed a yak
  2258 | D:5      | Mangled by a yak

Levels and vault maps discovered:
D:1:      dpeg_arrival_long_road, layout_basic,
          shapermc_ecumenical_altar_mp_vishouse
D:2:      minmay_angry_zag, layout_basic, serial_shops, shop
D:3:      layout_basic, nicolae_overflow_hidden_temple,
          kennysheep_okawaru_gauntlet, minmay_misc_feat_five,
          serial_bayou_pond_a
D:5:      layout_basic, uniq_sigmund, uniq_grinder, uniq_edmund

Skill      XL: |  1  2  3 |
---------------+----------+-----
Axes           | 3 4 |  4.7
Fighting       | |  2.0
Throwing       | |  1.0
Armour         | |  1.1
Dodging        | |  2.1
Shields        | |  0.1
Spellcasting   | |  2.0
Translocations | |  2.4

Action                   |  1- 3 |  4- 6 || total
-------------------------+-------+-------++-------
Melee: Hand axe          |   104 |    15 ||   119
       Peck              |    14 |     1 ||    15
       Kick              |    21 |     3 ||    24
       Punch             |     1 |       ||     1
Throw: Boomerang         |     7 |       ||     7
  Use: Scroll            |     1 |       ||     1
Armor: Leather armour    |    11 |       ||    11
       Scale mail        |     6 |     4 ||    10
Dodge: Dodged            |    40 |     5 ||    45
Block: Tower shield      |       |     9 ||     9

Table legend:
 A = Non-vault XP
 B = Vault XP
 C = Vault XP percentage of total XP
 D = Non-vault monster count
 E = Vault monster count
 F = Vault count percentage of total count
                 A         B        C        D         E       F
            +---------+---------+-------+---------+---------+-------
      Total |      82 |      10 |  10.9 |      47 |       2 |   4.1
            +---------+---------+-------+---------+---------+-------
        D:1 |      49 |       0 |   0.0 |      30 |       0 |   0.0
        D:2 |      30 |      10 |  25.0 |      15 |       2 |  11.8
        D:3 |       3 |       0 |   0.0 |       2 |       0 |   0.0
            +---------+---------+-------+---------+---------+-------
